TOP OF THE 1ST |
D.C. Divided batting - Pitching for Wizarding Express : RHP Roberto De La Cruz
|
Pitching: RHP Roberto De La Cruz
|
|
Batting: LHB Brad Elmore
|
0-0: Ball 1-0: Called Strike 1-1: Called Strike 1-2: Ball 2-2: Foul Ball, location: 2F 2-2: Ball 3-2: Foul Ball, location: 2F 3-2: Fly out, F6 (Popup, 56D)
|
Batting: RHB Duncan Thomas
|
0-0: Called Strike 0-1: Foul Ball, location: 2F 0-2: Ball 1-2: Ground out 6-3 (Groundball, 56)
|
Batting: LHB Ray Sears
|
0-0: Swinging Strike 0-1: Foul Ball, location: 2F 0-2: Ball 1-2: Ball 2-2: Ball 3-2: Foul Ball, location: 2F 3-2: Ground out 6-3 (Groundball, 6M)
|
Top of the 1st over - 0 run(s), 0 hit(s), 0 error(s), 0 left on base; D.C. 0 - Wizarding 0 |
BOTTOM OF THE 1ST |
Wizarding Express batting - Pitching for D.C. Divided : LHP Leslie Brooks
|
Pitching: LHP Leslie Brooks
|
|
Batting: RHB António Martínez
|
0-0: Called Strike 0-1: Called Strike 0-2: Foul Ball, location: 2F 0-2: Strikes out swinging
|
Batting: RHB Nathan Clay
|
0-0: Ball 1-0: Ball 2-0: Ground out 5-3 (Groundball, 56)
|
Batting: RHB Rafael Arredondo
|
0-0: Called Strike 0-1: Swinging Strike 0-2: Ball 1-2: Ball 2-2: Foul Ball, location: 2F 2-2: Ball 3-2: Base on Balls
|
Batting: RHB Cole Shaffer
|
0-0: Called Strike 0-1: Called Strike 0-2: Ball 1-2: Ground out 6-3 (Groundball, 6)
|
Bottom of the 1st over - 0 run(s), 0 hit(s), 0 error(s), 1 left on base; D.C. 0 - Wizarding 0 |
TOP OF THE 2ND |
D.C. Divided batting - Pitching for Wizarding Express : RHP Roberto De La Cruz
|
Batting: LHB Mike Gardner
|
0-0: Fly out, F5 (Line Drive, 56S)
|
Batting: RHB Miguel Silva
|
0-0: Called Strike 0-1: Ball 1-1: SINGLE (Groundball, 25) (infield hit)
|
Batting: LHB Charles Mathes
|
0-0: Called Strike 0-1: Foul Ball, location: 2F 0-2: Ball 1-2: Ball 2-2: Ball Miguel Silva is caught stealing 2nd base 3-2: Base on Balls
|
Batting: LHB Keith Bridges
|
0-0: Ball 1-0: Foul Ball, location: 2F 1-1: Swinging Strike 1-2: Strikes out looking
|
Top of the 2nd over - 0 run(s), 1 hit(s), 0 error(s), 1 left on base; D.C. 0 - Wizarding 0 |
BOTTOM OF THE 2ND |
Wizarding Express batting - Pitching for D.C. Divided : LHP Leslie Brooks
|
Batting: RHB Turner Coleman
|
0-0: Called Strike 0-1: Foul Ball, location: 2F 0-2: Ball 1-2: Foul Ball, location: 2F 1-2: Strikes out swinging
|
Batting: RHB Tenshin Ichikawa
|
0-0: Foul Ball, location: 2F 0-1: Foul Ball, location: 2F 0-2: Ball 1-2: DOUBLE (Groundball, 5L)
|
Batting: LHB Emílio Sáenz
|
0-0: Swinging Strike 0-1: Called Strike 0-2: Ball 1-2: Strikes out looking
|
Batting: LHB Nathan Tanner
|
0-0: SINGLE (Groundball, 6MD) Tenshin Ichikawa to third Runner from 3rd tries for Home, SAFE, throw made home Nathan Tanner to second
|
Batting: LHB Kyung-chor Pang
|
0-0: Called Strike 0-1: Ball 1-1: Ball 2-1: Swinging Strike 2-2: Strikes out swinging
|
Bottom of the 2nd over - 1 run(s), 2 hit(s), 0 error(s), 1 left on base; D.C. 0 - Wizarding 1 |
TOP OF THE 3RD |
D.C. Divided batting - Pitching for Wizarding Express : RHP Roberto De La Cruz
|
Batting: LHB Jorge Aicón
|
0-0: Fly out, F8 (Flyball, 8LM)
|
Batting: RHB Cristo González
|
0-0: Fly out, F7 (Flyball, 78XD)
|
Batting: LHB Brad Elmore
|
0-0: Ball 1-0: Swinging Strike 1-1: Foul Ball, location: 2F 1-2: Strikes out swinging
|
Top of the 3rd over - 0 run(s), 0 hit(s), 0 error(s), 0 left on base; D.C. 0 - Wizarding 1 |
BOTTOM OF THE 3RD |
Wizarding Express batting - Pitching for D.C. Divided : LHP Leslie Brooks
|
Batting: RHB António Martínez
|
0-0: Foul Ball, location: 2F 0-1: Called Strike 0-2: Ball 1-2: Ball 2-2: Ball 3-2: Ground out 6-3 (Groundball, 6M)
|
Batting: RHB Nathan Clay
|
0-0: Called Strike 0-1: Called Strike 0-2: Foul Ball, location: 2F 0-2: Ball 1-2: Ball 2-2: Foul Ball, location: 2F 2-2: Ball 3-2: Strikes out swinging
|
Batting: RHB Rafael Arredondo
|
0-0: Called Strike 0-1: Ball 1-1: Swinging Strike 1-2: SINGLE (Groundball, 6MS)
|
Batting: RHB Cole Shaffer
|
0-0: Called Strike 0-1: Ball 1-1: Ball 2-1: SINGLE (Groundball, 56) Rafael Arredondo to second Runner from 2nd tries for 3rd, SAFE, throw made to third
|
Batting: RHB Turner Coleman
|
0-0: Called Strike 0-1: Ball 1-1: Swinging Strike 1-2: Ball 2-2: Fielders Choice at 2nd, 6-4 (Groundball, 6)
|
Bottom of the 3rd over - 0 run(s), 2 hit(s), 0 error(s), 1 left on base; D.C. 0 - Wizarding 1 |
TOP OF THE 4TH |
D.C. Divided batting - Pitching for Wizarding Express : RHP Roberto De La Cruz
|
Batting: RHB Duncan Thomas
|
0-0: Ball 1-0: Ball 2-0: Ball 3-0: Called Strike 3-1: Fly out, F9 (Line Drive, 9M)
|
Batting: LHB Ray Sears
|
0-0: Called Strike 0-1: Fly out, F7 (Flyball, 78M)
|
Batting: LHB Mike Gardner
|
0-0: Ball 1-0: Foul Ball, location: 2F 1-1: Ball 2-1: Ball 3-1: Swinging Strike 3-2: Foul Ball, location: 2F 3-2: Foul Ball, location: 2F 3-2: Fly out, F8 (Flyball, 8LD)
|
Top of the 4th over - 0 run(s), 0 hit(s), 0 error(s), 0 left on base; D.C. 0 - Wizarding 1 |
BOTTOM OF THE 4TH |
Wizarding Express batting - Pitching for D.C. Divided : LHP Leslie Brooks
|
Batting: RHB Tenshin Ichikawa
|
0-0: Ground out 6-3 (Groundball, 6)
|
Batting: LHB Emílio Sáenz
|
0-0: Called Strike 0-1: Ground out 3-1 (Groundball, 3)
|
Batting: LHB Nathan Tanner
|
0-0: Foul Ball, location: 2F 0-1: Ball 1-1: Foul Ball, location: 2F 1-2: Fly out, F4 (Popup, 34)
|
Bottom of the 4th over - 0 run(s), 0 hit(s), 0 error(s), 0 left on base; D.C. 0 - Wizarding 1 |
TOP OF THE 5TH |
D.C. Divided batting - Pitching for Wizarding Express : RHP Roberto De La Cruz
|
Batting: RHB Miguel Silva
|
0-0: Ball 1-0: Foul Ball, location: 2F 1-1: Called Strike 1-2: Fly out, F3 (Popup, 3L)
|
Batting: LHB Charles Mathes
|
0-0: Ball 1-0: Swinging Strike 1-1: Foul Ball, location: 2F 1-2: Strikes out looking
|
Batting: LHB Keith Bridges
|
0-0: Ball 1-0: Foul Ball, location: 2F 1-1: Ground out 4-3 (Groundball, 4)
|
Top of the 5th over - 0 run(s), 0 hit(s), 0 error(s), 0 left on base; D.C. 0 - Wizarding 1 |
BOTTOM OF THE 5TH |
Wizarding Express batting - Pitching for D.C. Divided : LHP Leslie Brooks
|
Batting: LHB Kyung-chor Pang
|
0-0: Ball 1-0: Foul Ball, location: 2F 1-1: Ball 2-1: Foul Ball, location: 2F 2-2: Fly out, F7 (Line Drive, 7LM)
|
Batting: RHB António Martínez
|
0-0: Ball 1-0: Foul Ball, location: 2F 1-1: Foul Ball, location: 2F 1-2: SINGLE (Flyball, 9LS)
|
Batting: RHB Nathan Clay
|
0-0: Called Strike António Martínez is caught stealing 2nd base 0-1: Foul Ball, location: 2F 0-2: SINGLE (Line Drive, 8LS)
|
Batting: RHB Rafael Arredondo
|
0-0: Ball 1-0: Swinging Strike 1-1: Swinging Strike 1-2: SINGLE (Line Drive, 6MD) Nathan Clay to second
|
Batting: RHB Cole Shaffer
|
0-0: Called Strike 0-1: Fielders Choice at 2nd, 6-4 (Groundball, 6)
|
Bottom of the 5th over - 0 run(s), 3 hit(s), 0 error(s), 1 left on base; D.C. 0 - Wizarding 1 |
TOP OF THE 6TH |
D.C. Divided batting - Pitching for Wizarding Express : RHP Roberto De La Cruz
|
Batting: LHB Jorge Aicón
|
0-0: Swinging Strike 0-1: Foul Ball, location: 2F 0-2: Strikes out looking
|
Batting: RHB Cristo González
|
0-0: Swinging Strike 0-1: Ball 1-1: Foul Ball, location: 2F 1-2: Ground out 4-3 (Groundball, 4)
|
Batting: LHB Brad Elmore
|
0-0: Called Strike 0-1: Swinging Strike 0-2: Fly out, F9 (Flyball, 89XD)
|
Top of the 6th over - 0 run(s), 0 hit(s), 0 error(s), 0 left on base; D.C. 0 - Wizarding 1 |
BOTTOM OF THE 6TH |
Wizarding Express batting - Pitching for D.C. Divided : LHP Leslie Brooks
|
Batting: RHB Turner Coleman
|
0-0: Ball 1-0: Ball 2-0: Fly out, F9 (Flyball, 9D)
|
Batting: RHB Tenshin Ichikawa
|
0-0: Ball 1-0: Ball 2-0: Ball 3-0: Base on Balls
|
Batting: LHB Emílio Sáenz
|
0-0: Called Strike 0-1: Foul Ball, location: 2F 0-2: Foul Ball, location: 2F 0-2: Ball 1-2: Fielders Choice at 2nd, 6-4 (Groundball, 6M)
|
Batting: LHB Nathan Tanner
|
0-0: Ball 1-0: Swinging Strike 1-1: Called Strike 1-2: Ball 2-2: Foul Ball, location: 2F 2-2: Fly out, F7 (Popup, 8LS)
|
Bottom of the 6th over - 0 run(s), 0 hit(s), 0 error(s), 1 left on base; D.C. 0 - Wizarding 1 |
TOP OF THE 7TH |
D.C. Divided batting - Pitching for Wizarding Express : RHP Roberto De La Cruz
|
Batting: RHB Duncan Thomas
|
0-0: Called Strike 0-1: Foul Ball, location: 2F 0-2: Ball 1-2: Foul Ball, location: 2F 1-2: Ball 2-2: Strikes out looking
|
Batting: LHB Ray Sears
|
0-0: Called Strike 0-1: Foul Ball, location: 2F 0-2: Strikes out swinging
|
Batting: LHB Mike Gardner
|
0-0: Ball 1-0: Ball 2-0: Foul Ball, location: 2F 2-1: Foul Ball, location: 2F 2-2: Ball 3-2: Hit by Pitch
|
Batting: RHB Miguel Silva
|
0-0: Called Strike 0-1: Ball 1-1: Foul Ball, location: 2F 1-2: Strikes out swinging
|
Top of the 7th over - 0 run(s), 0 hit(s), 0 error(s), 1 left on base; D.C. 0 - Wizarding 1 |
BOTTOM OF THE 7TH |
Wizarding Express batting - Pitching for D.C. Divided : LHP Leslie Brooks
|
Batting: LHB Kyung-chor Pang
|
0-0: Called Strike 0-1: Ball 1-1: Foul Ball, location: 2F 1-2: Ball 2-2: Foul Ball, location: 2F 2-2: SINGLE (Line Drive, 89S)
|
Batting: RHB António Martínez
|
0-0: Ball Kyung-chor Pang is caught stealing 2nd base 1-0: SINGLE (Groundball, 25) (infield hit)
|
Pitching: LHP Domingo Posadas
|
|
Batting: RHB Nathan Clay
|
0-0: Ball 1-0: Ball António Martínez steals 2nd base 2-0: Called Strike 2-1: Called Strike 2-2: Ball 3-2: Foul Ball, location: 2F 3-2: SINGLE (Line Drive, 4D) António Martínez to third Runner from 3rd tries for Home, SAFE, no throw or cutoff
|
Batting: RHB Rafael Arredondo
|
0-0: Ball 1-0: Foul Ball, location: 2F 1-1: Called Strike 1-2: Ball 2-2: Strikes out looking
|
Batting: RHB Cole Shaffer
|
0-0: Ball 1-0: Ball 2-0: 2-RUN HOME RUN (Flyball, 9D), Distance : 348 ft
|
Pitching: RHP Jeff Lee
|
|
Batting: RHB Turner Coleman
|
0-0: Called Strike 0-1: Foul Ball, location: 2F 0-2: Ball 1-2: Ball 2-2: Ground out 5-3 (Groundball, 56)
|
Bottom of the 7th over - 3 run(s), 4 hit(s), 0 error(s), 0 left on base; D.C. 0 - Wizarding 4 |
TOP OF THE 8TH |
D.C. Divided batting - Pitching for Wizarding Express : RHP Roberto De La Cruz
|
Batting: LHB Charles Mathes
|
0-0: Ball 1-0: Called Strike 1-1: Called Strike 1-2: Ground out 1-3 (Groundball, 13)
|
Batting: LHB Keith Bridges
|
0-0: Called Strike 0-1: Ball 1-1: Called Strike 1-2: Foul Ball, location: 2F 1-2: Ball 2-2: Ball 3-2: DOUBLE (Line Drive, 7LS)
|
Batting: LHB Jorge Aicón
|
0-0: Foul Ball, location: 2F 0-1: Ball 1-1: Foul Ball, location: 2F 1-2: Ball 2-2: Fly out, F1 (Popup, 15S)
|
Batting: RHB Cristo González
|
0-0: Fly out, F9 (Flyball, 9S)
|
Top of the 8th over - 0 run(s), 1 hit(s), 0 error(s), 1 left on base; D.C. 0 - Wizarding 4 |
BOTTOM OF THE 8TH |
Wizarding Express batting - Pitching for D.C. Divided : RHP Jeff Lee
|
Batting: RHB Tenshin Ichikawa
|
0-0: Called Strike 0-1: Ball 1-1: Foul Ball, location: 2F 1-2: Ground out 1-3 (Groundball, 15S)
|
Batting: LHB Emílio Sáenz
|
0-0: Ball 1-0: Fly out, F8 (Flyball, 8LD)
|
Batting: LHB Nathan Tanner
|
0-0: Ball 1-0: Called Strike 1-1: Ball 2-1: Ground out 6-3 (Groundball, 6M)
|
Bottom of the 8th over - 0 run(s), 0 hit(s), 0 error(s), 0 left on base; D.C. 0 - Wizarding 4 |
TOP OF THE 9TH |
D.C. Divided batting - Pitching for Wizarding Express : RHP Roberto De La Cruz
|
Batting: LHB Brad Elmore
|
0-0: Ball 1-0: Foul Ball, location: 2F 1-1: Foul Ball, location: 2F 1-2: Strikes out swinging
|
Batting: RHB Duncan Thomas
|
0-0: Called Strike 0-1: Swinging Strike 0-2: Ball 1-2: Foul Ball, location: 2F 1-2: Strikes out swinging
|
Batting: LHB Ray Sears
|
0-0: Ball 1-0: Ground out 1-3 (Groundball, 15S)
|
Top of the 9th over - 0 run(s), 0 hit(s), 0 error(s), 0 left on base; D.C. 0 - Wizarding 4 |
|